Map: Equilibrium LE

Players

DarkAce

  • Race: Zerg Zerg
  • League: Gold
  • Spawn Location: 11:00

TurtleZerg - Winner!

  • Race: Zerg Zerg
  • League: Diamond
  • Spawn Location: 1:00

VOD

Have the link to the VOD?

Description

Time

  • Played on: March 16, 2024, 4:13 a.m.
  • Length: 64:59
Show
View Real Time Build Order
Export as new Build Order

DarkAce Zerg 

Build Orders: Pool First 

Get SALT Encoding   

  12  0:19  Spawning Pool  
  11  0:22  Drone  
  11  0:27  Drone  
  13  0:35  Overlord  
  13  0:42  Drone  
  14  0:58  Drone x2  
  16  1:05  Queen  
  16  1:08  Drone  
  19  1:39  Zergling x4  
  22  1:40  Zergling x2  
  22  1:52  Overlord  
  22  2:16  Hatchery  
  22  2:18  Zergling x2  
  22  2:19  Zergling x8  
  26  2:25  Extractor  
  26  2:29  Extractor  
  24  2:33  Drone  
  25  2:48  Drone  
  25  2:50  Queen  
  28  2:52  Drone  
  29  3:02  Drone  
  29  3:05  Overlord  
  30  3:06  Overlord  
  23  3:39  Zergling x2  
  23  3:40  Zergling x2  
  24  3:53  Drone x3  
  27  3:58  Lair  
  27  4:08  Drone x2  
  29  4:10  Queen  
  31  4:25  Drone  
  31  4:27  Overlord  
  32  4:31  Drone  
  32  4:37  Hatchery  
  32  4:40  Drone x2  
  32  4:41  Drone  
  34  4:51  Roach Warren  
  32  4:55  Drone x2  
  32  4:56  Drone  
  35  5:08  Spine Crawler  
  35  5:10  Spine Crawler  
  35  5:11  Spine Crawler  
  35  5:12  Drone x2, Spine Crawler  
  33  5:24  Drone x2  
  33  5:26  Drone x2  
  33  5:27  Drone  
  38  5:45  Glial Reconstitution  
  38  6:06  Drone x3  
  38  6:10  Extractor  
  40  6:14  Extractor  
  39  6:27  Roach x4  
  39  6:28  Roach x2  
  51  6:44  Evolution Chamber  
  50  7:07  Roach x4  
  58  7:09  Overlord x4  
  58  7:10  Overlord x3  
  58  7:18  Zerg Ground Armor Level 1  
  58  7:23  Infestation Pit  
  58  7:24  Drone  
  58  7:27  Drone  
  59  7:35  Drone x2  
  59  7:36  Drone  
  62  7:39  Drone  
  62  7:41  Drone x2  
  65  7:59  Metabolic Boost  
  65  8:02  Hive, Evolution Chamber, Hatchery  
  63  8:11  Drone x2  
  65  8:18  Spire  
  64  8:21  Drone  
  64  8:22  Drone x2  
  67  8:29  Pneumatized Carapace  
  67  8:31  Zerg Melee Weapons Level 1  
  67  9:04  Drone x2  
  67  9:05  Drone x4  
  73  9:32  Corruptor x3  
  73  9:33  Corruptor  
  73  9:35  Corruptor x3  
  87  9:48  Spore Crawler  
  87  9:51  Spore Crawler x2  
  84  9:54  Drone  
  84  10:33  Overlord x2  
  84  10:34  Overlord x4  
  84  10:36  Hatchery  
  84  10:40  Ultralisk Cavern  
  84  10:41  Zerg Flyer Weapons Level 1  
  62  11:07  Overseer  
  62  11:10  Mutalisk x4  
  62  11:11  Mutalisk x2  
  74  11:19  Extractor  
  74  11:22  Extractor  
  72  11:27  Mutalisk  
  72  11:28  Mutalisk x2  
  78  11:40  Spire  
  78  11:43  Drone x3  
  80  11:52  Drone x3  
  83  11:54  Drone  
  83  11:55  Queen  
  86  12:03  Spore Crawler  
  86  12:05  Spore Crawler  
  86  12:07  Drone  
  85  12:09  Spore Crawler  
  85  12:12  Chitinous Plating  
  79  12:28  Spore Crawler  
  78  12:33  Spore Crawler  
  77  12:38  Spore Crawler  
  76  12:54  Drone x2  
  76  12:56  Drone  
  79  13:01  Ultralisk x2  
  79  13:02  Ultralisk  
  79  13:05  Zerg Melee Weapons Level 2  
  97  13:09  Overseer  
  97  13:12  Zerg Ground Armor Level 2  
  97  13:17  Zerg Flyer Armor Level 1  
  97  13:19  Zerg Flyer Weapons Level 2  
  97  13:26  Drone x3  
  97  13:27  Drone x6  
  101  13:28  Drone x3  
  101  13:31  Anabolic Synthesis  
  109  14:01  Ultralisk  
  109  14:02  Ultralisk  
  121  14:03  Ultralisk  
  121  14:08  Overlord x3  
  127  14:13  Adrenal Glands  
  127  14:20  Drone  
  127  14:22  Overlord x4  
  95  15:47  Overseer  
  91  15:50  Drone x3  
  91  15:54  Ultralisk x3  
  112  17:46  Extractor  
  112  17:51  Extractor  
  110  17:52  Corruptor x3  
  116  18:15  Hatchery  
  115  18:30  Zerg Melee Weapons Level 3  
  115  18:31  Zerg Ground Armor Level 3  
  115  18:33  Zerg Flyer Weapons Level 3  
  115  18:34  Zerg Flyer Armor Level 2  
  115  18:37  Hatchery  
  114  18:48  Ultralisk x3  
  132  18:52  Ultralisk x3  
  132  18:55  Overlord x2  
  150  18:56  Overlord x2  
  150  18:57  Overlord  
  150  18:58  Corruptor  
  152  19:05  Overseer x2  
  152  19:06  Overseer x2  
  152  19:39  Zergling x14  
  152  19:40  Zergling x10  
  164  19:51  Mutalisk  
  164  19:52  Mutalisk x2  
  170  19:55  Mutalisk x3  
  170  19:56  Mutalisk x3  
  182  20:32  Drone x3  
  182  20:34  Queen  
  99  21:07  Corruptor x3  
  99  21:10  Corruptor x3  
  111  21:23  Corruptor x3  
  113  21:42  Corruptor x5  
  113  21:43  Corruptor x6  
  113  21:44  Corruptor  
  131  22:10  Drone x2  
  131  22:11  Drone  
  131  22:15  Extractor  
  131  22:17  Extractor  
  130  22:29  Drone  
  131  22:37  Spore Crawler  
  131  22:39  Spore Crawler  
  131  22:42  Spore Crawler  
  128  22:45  Drone x2, Spore Crawler  
  129  23:08  Drone  
  129  23:09  Drone x2  
  130  23:20  Queen  
  132  23:30  Spore Crawler  
  132  23:32  Spore Crawler  
  130  23:36  Spore Crawler  
  130  23:38  Drone x2  
  131  23:45  Drone x2  
  131  23:46  Drone  
  134  24:00  Queen  
  136  24:13  Hatchery  
  135  24:26  Overseer x5  
  135  24:36  Greater Spire  
  135  24:37  Zerg Flyer Armor Level 3  
  135  24:50  Spine Crawler  
  134  24:56  Overlord x3  
  134  24:59  Drone x2  
  137  25:00  Drone x4  
  140  25:13  Drone  
  141  25:22  Corruptor x2  
  141  25:23  Corruptor  
  147  25:39  Drone x3  
  147  25:40  Drone  
  151  26:06  Brood Lord x4  
  151  26:07  Brood Lord x2  
  163  26:33  Unknown  
  162  27:10  Overlord x4  
  162  27:11  Overlord  
  162  27:43  Spore Crawler  
  161  27:45  Spore Crawler  
  161  27:47  Spore Crawler  
  161  27:51  Spore Crawler  
  158  28:06  Corruptor x2  
  158  28:07  Corruptor x5  
  118  29:18  Corruptor x6  
  114  29:28  Corruptor x3  
  114  29:44  Mutalisk x3  
  119  30:20  Hatchery  
  118  30:39  Extractor  
  118  30:40  Extractor  
  116  30:43  Zerg Missile Weapons Level 1  
  116  30:45  Zergling x10  
  116  30:46  Zergling x2  
  122  31:30  Zergling x14  
  122  31:31  Zergling x10  
  134  31:42  Hatchery  
  134  31:45  Corruptor x3  
  139  31:52  Corruptor x2  
  143  32:04  Corruptor  
  143  32:05  Corruptor  
  143  32:08  Corruptor x3  
  153  32:31  Corruptor  
  153  32:32  Corruptor x3  
  153  32:36  Corruptor x3  
  167  32:39  Corruptor x3  
  167  32:40  Corruptor  
  175  32:52  Overseer  
  175  33:12  Overseer x2  
  175  33:13  Overseer  
  175  34:09  Extractor  
  174  34:12  Drone x3, Extractor  
  176  34:18  Spore Crawler  
  176  34:21  Spore Crawler  
  174  34:24  Spore Crawler  
  174  34:27  Spore Crawler  
  174  34:30  Spore Crawler  
  171  34:32  Spore Crawler  
  171  34:34  Spore Crawler  
  171  34:35  Drone x2  
  171  34:40  Overseer x2  
  171  35:31  Zergling x4  
  171  35:32  Zergling x2  
  174  35:43  Spine Crawler  
  174  35:47  Spine Crawler  
  172  35:55  Drone  
  172  35:56  Drone  
  174  36:35  Drone x3  
  177  36:43  Brood Lord x3  
  183  36:52  Overlord x4  
  183  36:53  Overlord x3  
  183  36:55  Zerg Missile Weapons Level 2  
  183  37:00  Overseer  
  183  37:04  Overseer  
  180  37:25  Drone x3  
  183  37:30  Spine Crawler  
  183  37:36  Spine Crawler  
  175  37:39  Spore Crawler  
  175  37:41  Spore Crawler  
  175  37:44  Spore Crawler  
  172  37:45  Spore Crawler  
  169  38:14  Brood Lord  
  169  38:15  Brood Lord x6  
  169  38:16  Brood Lord x6  
  169  38:17  Brood Lord x2  
  105  39:15  Corruptor x6  
  101  39:26  Mutalisk x3  
  101  39:29  Drone x2  
  101  39:30  Drone  
  94  40:09  Mutalisk  
  94  40:10  Mutalisk x7  
  94  40:11  Mutalisk x2  
  112  40:21  Spore Crawler  
  112  40:24  Spore Crawler  
  112  40:26  Drone x3  
  112  40:27  Spore Crawler  
  108  40:38  Mutalisk x3  
  114  40:50  Drone x6  
  120  41:10  Corruptor  
  120  41:11  Corruptor x2  
  122  41:18  Corruptor x6  
  138  41:31  Drone  
  138  41:32  Drone x2  
  141  42:15  Drone x3  
  144  42:23  Mutalisk x3  
  144  42:26  Mutalisk x2  
  144  42:27  Mutalisk  
  144  42:29  Mutalisk x4  
  158  42:30  Mutalisk x2  
  168  42:41  Drone  
  168  42:42  Drone x2  
  165  43:20  Mutalisk x2  
  165  43:21  Mutalisk  
  165  43:23  Mutalisk x2  
  165  43:24  Mutalisk  
  165  43:26  Mutalisk x2  
  177  43:27  Mutalisk x6  
  177  43:28  Mutalisk  
  195  43:37  Brood Lord  
  197  43:53  Brood Lord  
  121  45:34  Drone x3  
  124  45:54  Hatchery  
  123  45:57  Extractor  
  123  45:58  Extractor  
  121  46:10  Drone x3  
  124  46:12  Spore Crawler  
  123  46:22  Spore Crawler  
  123  46:24  Spore Crawler  
  121  46:40  Spine Crawler x2  
  121  46:41  Spine Crawler  
  121  46:43  Spine Crawler x2  
  116  47:06  Zerg Missile Weapons Level 3  
  116  48:00  Hydralisk Den  
  116  48:01  Spine Crawler  
  116  48:03  Spine Crawler  
  116  48:05  Spine Crawler  
  112  48:08  Spine Crawler  
  112  48:11  Spore Crawler  
  96  49:21  Hydralisk x6  
  108  49:30  Overlord x2  
  108  49:31  Overlord  
  108  49:41  Drone  
  109  49:53  Spore Crawler  
  109  49:55  Spine Crawler  
  107  50:03  Hydralisk x4  
  107  50:04  Hydralisk x6  
  107  50:05  Hydralisk x2  
  123  50:40  Drone x3  
  126  50:45  Hydralisk x2  
  126  50:46  Hydralisk x4  
  138  50:53  Hatchery  
  137  50:58  Overlord x3  
  137  51:01  Overseer x3  
  135  51:17  Brood Lord x3  
  135  51:18  Brood Lord x5  
  148  51:23  Zergling x8  
  148  51:24  Zergling x4  
  154  51:27  Zergling x4  
  154  51:29  Zergling x2  
  154  51:30  Zergling x10  
  162  51:33  Zergling x8  
  162  51:34  Zergling x2  
  162  51:39  Hatchery  
  75  53:40  Overseer x5  
  75  53:46  Overlord  
  75  53:47  Overlord  
  70  54:10  Brood Lord  
  70  54:11  Brood Lord x3  
  78  54:18  Drone x3  
  67  55:24  Drone x3  
  70  55:35  Zergling x12  
  76  56:26  Zergling x6  
  76  56:29  Zergling x4  
  76  56:30  Zergling x2  
  82  56:35  Zergling x8  
  82  56:36  Zergling x4  
  81  57:09  Spine Crawler  
  81  57:11  Spine Crawler  
  81  57:12  Spine Crawler  
  75  57:16  Drone x3  
  75  57:20  Spine Crawler  
  77  57:24  Spine Crawler  
  76  57:35  Drone  
  77  57:45  Spine Crawler  
  76  58:00  Spine Crawler  
  76  58:04  Spore Crawler  
  74  58:08  Spore Crawler  
  73  58:26  Drone x2  
  73  58:27  Drone  
  76  58:40  Drone x2  
  76  58:41  Drone x4  
  82  58:57  Hatchery  
  81  59:03  Spine Crawler  
  81  59:05  Spine Crawler  
  81  59:07  Spine Crawler  
  78  59:10  Spine Crawler  
  78  59:14  Spine Crawler  
  76  59:26  Drone x3  
  75  60:18  Hatchery  
  74  61:28  Drone x3  
Show
View Real Time Build Order
Export as new Build Order

TurtleZerg Zerg - Winner!

Build Orders: Pool First, Lurkers 

Get SALT Encoding   

  12  0:01  Drone  
  13  0:13  Overlord  
  13  0:18  Drone  
  14  0:31  Drone  
  14  0:32  Drone  
  17  0:46  Spawning Pool  
  15  0:50  Drone  
  16  0:57  Drone  
  16  1:02  Extractor  
  16  1:07  Drone  
  17  1:19  Overlord  
  17  1:29  Drone  
  18  1:33  Queen, Spine Crawler  
  19  1:41  Spine Crawler  
  19  1:42  Drone  
  19  1:50  Drone  
  19  2:01  Drone  
  20  2:12  Drone  
  20  2:15  Queen  
  23  2:29  Hatchery  
  22  2:33  Drone  
  23  2:41  Spine Crawler  
  23  2:43  Drone  
  23  2:52  Baneling Nest  
  23  2:55  Drone  
  23  3:00  Drone  
  24  3:06  Drone  
  25  3:16  Overlord  
  25  3:27  Zergling x2  
  26  3:33  Spine Crawler  
  25  3:38  Drone  
  26  3:41  Drone  
  26  3:48  Drone  
  28  3:50  Drone x3, Baneling  
  28  3:52  Drone  
  32  4:00  Overlord  
  32  4:02  Drone  
  33  4:13  Hatchery  
  32  4:18  Drone x2  
  32  4:21  Drone  
  35  4:26  Drone  
  35  4:28  Spore Crawler  
  35  4:33  Overlord  
  35  4:37  Lair  
  36  4:38  Drone  
  36  4:39  Drone x3, Extractor  
  36  4:45  Drone  
  40  4:52  Drone  
  41  4:55  Drone  
  41  4:56  Spine Crawler  
  41  4:59  Drone  
  42  5:05  Drone  
  42  5:06  Pneumatized Carapace, Drone  
  42  5:07  Drone  
  45  5:08  Drone  
  45  5:11  Drone  
  47  5:15  Drone  
  47  5:19  Spine Crawler  
  47  5:24  Drone  
  49  5:28  Drone  
  49  5:33  Spore Crawler  
  48  5:38  Drone x4  
  48  5:40  Extractor  
  48  5:42  Drone  
  52  5:43  Spine Crawler  
  52  5:44  Spore Crawler  
  52  5:47  Overlord  
  50  5:52  Spire  
  50  5:54  Overlord  
  50  5:55  Drone  
  50  6:02  Drone, Spine Crawler  
  50  6:04  Hydralisk Den  
  50  6:06  Drone  
  50  6:08  Overseer  
  50  6:13  Overseer  
  50  6:14  Drone  
  52  6:18  Drone  
  52  6:22  Spore Crawler  
  52  6:25  Drone, Extractor  
  52  6:26  Spore Crawler  
  52  6:27  Drone  
  51  6:36  Spine Crawler  
  51  6:38  Drone x2  
  52  6:46  Drone  
  53  6:51  Drone x4  
  57  7:00  Lurker Den  
  56  7:02  Drone x5  
  56  7:08  Spine Crawler  
  60  7:09  Overlord  
  60  7:14  Drone  
  61  7:17  Spine Crawler  
  61  7:20  Spine Crawler  
  61  7:22  Overlord  
  59  7:24  Spore Crawler  
  58  7:31  Hatchery  
  58  7:33  Drone x6  
  63  7:38  Spine Crawler  
  63  7:39  Hydralisk x2  
  63  7:40  Spore Crawler  
  63  7:42  Overseer, Overlord  
  65  7:48  Drone  
  66  7:55  Spore Crawler  
  65  7:58  Hydralisk  
  67  8:14  Lurker x2, Infestation Pit  
  67  8:18  Mutalisk x5  
  67  8:19  Mutalisk  
  80  8:22  Mutalisk  
  82  8:32  Lurker  
  83  8:45  Spore Crawler  
  82  8:49  Mutalisk  
  82  8:50  Mutalisk  
  82  8:52  Drone  
  82  8:53  Queen  
  82  8:54  Drone  
  90  8:59  Mutalisk  
  92  9:04  Overseer  
  92  9:24  Drone  
  92  9:25  Drone  
  94  9:40  Overseer  
  94  9:50  Hydralisk x3  
  100  10:12  Drone  
  100  10:14  Spine Crawler  
  98  10:15  Spore Crawler  
  98  10:16  Lurker x3, Spine Crawler  
  98  10:19  Drone, Queen  
  102  10:21  Burrow  
  102  10:34  Spore Crawler  
  101  10:42  Spore Crawler x2  
  100  10:45  Drone, Spore Crawler  
  100  10:46  Drone x2  
  99  10:50  Mutalisk  
  99  10:51  Mutalisk x2  
  103  11:07  Drone x2  
  103  11:09  Spore Crawler, Spine Crawler  
  103  11:11  Spore Crawler  
  102  11:17  Hydralisk x2  
  106  11:35  Extractor, Hatchery  
  104  11:40  Overseer  
  104  11:43  Drone x2  
  104  11:44  Overlord x3  
  104  11:45  Overlord x3  
  106  11:48  Spore Crawler, Hive  
  106  11:50  Spore Crawler  
  106  11:51  Lurker x2  
  106  12:02  Spore Crawler  
  105  12:09  Drone x2  
  105  12:10  Drone  
  108  12:31  Spore Crawler  
  108  12:32  Spore Crawler  
  108  12:34  Spore Crawler  
  108  12:36  Drone x2  
  108  12:37  Drone x6  
  109  12:38  Drone x3  
  109  12:39  Overseer  
  109  12:40  Overseer x4, Spore Crawler  
  109  12:43  Spore Crawler  
  114  12:44  Spine Crawler  
  114  12:45  Drone  
  114  12:46  Drone x2  
  114  12:50  Spore Crawler, Spine Crawler x2  
  113  12:54  Nydus Network  
  113  12:56  Spore Crawler  
  113  12:58  Drone x4  
  113  13:02  Hydralisk x2  
  113  13:04  Drone x3  
  113  13:05  Spine Crawler x2  
  121  13:09  Spine Crawler  
  119  13:17  Viper x2  
  119  13:19  Viper  
  128  13:22  Viper  
  131  13:39  Overlord x3  
  131  13:40  Overlord x2  
  131  13:49  Spore Crawler x2  
  131  13:54  Overlord x2  
  131  13:55  Spine Crawler  
  128  13:57  Zerg Flyer Weapons Level 1  
  128  14:01  Seismic Spines  
  128  14:11  Spine Crawler  
  128  14:12  Spore Crawler  
  128  14:13  Spore Crawler  
  125  14:24  Overseer x5  
  125  14:25  Overseer x2  
  125  14:30  Drone  
  126  14:31  Hydralisk x2  
  126  14:35  Extractor  
  129  14:43  Spine Crawler  
  128  14:46  Lurker x2  
  128  14:48  Hydralisk x2, Spore Crawler  
  128  14:50  Drone  
  134  15:08  Hydralisk x3  
  134  15:09  Nydus Network, Spine Crawler  
  134  15:10  Lurker x2  
  140  15:25  Spore Crawler, Spine Crawler  
  128  15:47  Overlord x4  
  128  15:50  Spire  
  128  15:56  Hydralisk x2  
  128  15:57  Lurker x2, Spine Crawler x2  
  128  15:58  Lurker  
  128  15:59  Lurker  
  133  16:13  Spine Crawler  
  132  16:42  Spore Crawler  
  132  16:43  Overlord x5  
  132  16:44  Spine Crawler  
  132  16:45  Overseer, Spine Crawler  
  132  16:46  Zerg Flyer Weapons Level 2  
  129  17:04  Overlord x3  
  129  17:05  Overseer  
  129  17:15  Drone x2  
  131  17:16  Drone  
  131  17:21  Spine Crawler x3  
  129  17:31  Overseer  
  129  17:32  Viper  
  132  17:37  Lurker x2  
  134  18:02  Zerg Flyer Armor Level 1  
  134  18:06  Spore Crawler  
  134  18:07  Spore Crawler  
  132  18:15  Spore Crawler  
  131  18:24  Spine Crawler  
  130  19:04  Lurker  
  130  19:05  Hatchery  
  130  19:15  Drone x4  
  130  19:16  Drone x4  
  138  19:20  Spine Crawler  
  138  19:22  Spine Crawler  
  136  19:44  Spore Crawler  
  135  20:07  Hydralisk x2  
  135  20:08  Hydralisk x3  
  145  20:31  Spine Crawler  
  145  20:32  Spore Crawler, Spine Crawler  
  124  20:52  Mutalisk x2  
  124  20:53  Mutalisk x3  
  132  20:58  Lurker x4  
  136  21:10  Drone x4  
  141  21:11  Drone  
  141  21:13  Overlord  
  141  21:22  Spine Crawler x2  
  139  21:29  Spine Crawler x2  
  137  22:00  Zerg Flyer Armor Level 2, Zerg Flyer Weapons Level 3  
  135  22:03  Drone x5  
  135  22:04  Drone  
  137  22:10  Mutalisk x3  
  137  22:14  Mutalisk x2  
  141  22:44  Spore Crawler x2  
  140  22:45  Spore Crawler  
  140  22:47  Spore Crawler  
  137  22:53  Lurker  
  138  23:33  Overseer  
  138  23:34  Overseer  
  138  23:46  Drone x2  
  138  23:47  Drone x2  
  142  23:59  Spine Crawler  
  142  24:01  Spine Crawler x2  
  139  24:12  Hatchery  
  138  24:20  Spore Crawler  
  138  24:21  Spore Crawler, Spine Crawler x2  
  138  24:22  Spore Crawler  
  138  24:24  Spore Crawler  
  132  24:30  Drone x2  
  132  24:31  Drone x3  
  136  24:32  Drone x6  
  136  24:33  Drone  
  144  24:42  Overseer  
  144  24:43  Spine Crawler  
  144  24:44  Spine Crawler  
  144  24:45  Spine Crawler x3  
  139  24:46  Spore Crawler  
  138  25:02  Spore Crawler  
  138  25:03  Spore Crawler  
  138  25:05  Spore Crawler  
  135  25:08  Spine Crawler  
  134  25:18  Spore Crawler  
  133  25:52  Drone x3  
  133  25:53  Spine Crawler  
  133  25:54  Drone x3  
  133  25:55  Extractor, Drone x3  
  133  25:56  Drone x3  
  143  25:57  Extractor  
  142  26:07  Viper x2  
  142  26:08  Viper x2  
  154  26:16  Zerg Flyer Armor Level 3  
  154  26:27  Drone x3  
  154  26:32  Nydus Network  
  156  26:39  Adaptive Talons  
  156  26:40  Spore Crawler  
  156  26:42  Spore Crawler, Spine Crawler  
  156  26:45  Spore Crawler  
  152  26:47  Spore Crawler, Spine Crawler  
  152  26:48  Spine Crawler  
  149  27:12  Drone x3  
  149  27:13  Drone x6  
  149  27:14  Drone x2  
  160  27:18  Spore Crawler x2  
  160  27:22  Spore Crawler x2  
  156  27:24  Hatchery  
  155  27:35  Drone x2  
  155  27:36  Drone x4  
  161  28:06  Drone x6  
  161  28:11  Drone x3, Spore Crawler  
  169  28:16  Extractor, Spore Crawler  
  157  29:14  Drone x9  
  154  29:20  Hydralisk x4  
  162  29:30  Spine Crawler x2  
  162  29:31  Spine Crawler x2  
  159  29:32  Spore Crawler x2  
  159  29:33  Spine Crawler  
  159  29:34  Spore Crawler  
  159  29:35  Spine Crawler  
  153  29:56  Lurker  
  154  30:04  Lurker x2  
  156  30:11  Spine Crawler  
  156  30:12  Spine Crawler  
  156  30:13  Hatchery  
  153  30:15  Spine Crawler  
  153  30:18  Metabolic Boost  
  152  30:25  Drone  
  152  30:26  Drone x3  
  156  30:28  Lurker  
  156  30:34  Spore Crawler  
  156  30:35  Spore Crawler  
  155  31:18  Hydralisk  
  155  31:19  Hydralisk  
  155  31:25  Spore Crawler  
  158  31:36  Adrenal Glands  
  158  31:50  Spore Crawler  
  158  31:51  Spore Crawler  
  158  31:52  Spore Crawler  
  158  31:53  Spore Crawler  
  154  31:55  Spore Crawler  
  153  32:10  Lurker x2  
  153  32:15  Spore Crawler  
  154  32:19  Hatchery  
  153  32:25  Drone x3  
  153  32:29  Extractor, Hatchery  
  154  32:31  Spore Crawler  
  154  32:32  Spore Crawler x2, Spine Crawler  
  154  32:35  Drone x3  
  154  32:36  Drone, Spore Crawler  
  154  32:37  Drone x2  
  155  32:55  Drone x3  
  158  33:17  Spine Crawler  
  158  33:18  Spine Crawler  
  158  33:19  Extractor, Spore Crawler, Spine Crawler  
  153  33:22  Spine Crawler  
  152  33:40  Overlord  
  152  33:41  Overlord x4  
  152  33:47  Drone x6  
  152  33:48  Drone x3  
  161  33:56  Spire  
  161  34:00  Spawning Pool  
  159  34:12  Drone x3, Spore Crawler  
  159  34:13  Drone x3, Spine Crawler  
  159  34:16  Spore Crawler  
  162  34:21  Drone x5  
  162  34:23  Drone x2  
  162  34:24  Drone  
  170  34:25  Drone x3, Spore Crawler  
  170  34:26  Extractor  
  170  34:28  Spore Crawler  
  170  35:44  Drone  
  170  35:45  Drone x5  
  170  35:49  Drone x4  
  180  35:58  Spine Crawler x2  
  180  35:59  Spine Crawler  
  180  36:00  Spine Crawler  
  180  36:01  Spore Crawler  
  180  36:03  Drone x3  
  180  36:04  Drone x3  
  181  36:12  Spore Crawler  
  181  36:13  Spore Crawler  
  181  36:14  Spore Crawler  
  178  36:32  Infestation Pit  
  177  36:47  Spore Crawler  
  177  36:51  Spore Crawler  
  175  37:05  Overseer x3  
  175  37:06  Overseer x2  
  175  37:07  Overlord x2  
  175  37:08  Overlord x3  
  175  37:18  Viper x2  
  175  37:19  Viper  
  184  37:31  Hatchery  
  181  38:07  Hatchery  
  179  39:15  Drone x6  
  179  39:16  Drone x4  
  188  39:29  Drone x2  
  188  39:30  Drone x3, Spore Crawler  
  188  39:31  Spore Crawler x3  
  191  39:34  Spore Crawler  
  188  39:51  Drone x3  
  191  39:56  Spine Crawler  
  191  39:58  Spore Crawler x2  
  188  40:06  Overseer x5  
  188  41:07  Spine Crawler  
  188  41:08  Spore Crawler, Spine Crawler  
  185  41:28  Spine Crawler  
  185  41:29  Spine Crawler x2  
  185  41:31  Spine Crawler  
  185  41:32  Spine Crawler  
  180  41:56  Spore Crawler  
  180  41:57  Spore Crawler  
  178  42:10  Spore Crawler, Nydus Network  
  178  42:12  Spore Crawler  
  175  42:21  Extractor, Spore Crawler, Spine Crawler  
  175  42:22  Drone x3  
  175  42:24  Spore Crawler  
  175  42:25  Extractor  
  175  42:27  Spore Crawler  
  172  42:51  Spore Crawler, Spine Crawler  
  171  42:53  Spine Crawler  
  169  43:02  Swarm Host  
  169  43:03  Swarm Host x13  
  191  45:17  Swarm Host  
  191  45:19  Swarm Host  
  191  45:20  Swarm Host  
  200  45:50  Nydus Network, Spore Crawler, Spine Crawler  
  197  46:05  Spore Crawler  
  197  46:06  Extractor, Swarm Host  
  197  46:10  Swarm Host, Spore Crawler  
  200  47:52  Overlord  
  200  47:53  Overlord x4  
  200  47:54  Nydus Network  
  199  51:17  Spine Crawler x2  
  197  51:19  Spine Crawler  
  196  51:35  Spine Crawler x2  
  196  51:37  Spore Crawler, Spine Crawler  
  196  51:39  Spine Crawler  
  191  51:49  Swarm Host x3  
  200  53:22  Spore Crawler, Spine Crawler  
  200  53:24  Spine Crawler x2  
  200  53:25  Spore Crawler, Spine Crawler  
  194  53:28  Spore Crawler x2  
  192  54:57  Spine Crawler  
  192  54:58  Spine Crawler  
  192  54:59  Spore Crawler  
  189  55:22  Spine Crawler  
  188  55:37  Spine Crawler  
  188  55:39  Spine Crawler  
  188  55:40  Spore Crawler x2  
  184  55:44  Mutalisk x2  
  188  59:29  Mutalisk x5  
  198  60:31  Spine Crawler  
  198  60:32  Spine Crawler  
  198  60:33  Spine Crawler  
  195  63:03  Hatchery  
  194  63:07  Spine Crawler  
  193  63:59  Mutalisk x4  
Tags
 
Composition
Lurkers
Matchup
ZvZ
Race
Zerg
Spawn Locations
Close Positions
Add a new tag
Caveats
  • Supply blocks, unpowered buildings, or Contaminate may cause inaccurate times.
  • Supply counts are checked every 10 seconds.